AoeStats
← JamesNewstedd

MegaRandom

505480261Analyzed
1v1 RM · 23d ago on Sep 9, 2026· 70m 1s· 2 players
Game mode
Random Map
Map size
Tiny (2 player)
Population
200
Speed
Normal
Resources
Standard
Victory
Conquest
Starting age
Dark Age
Ending age
Imperial Age
RankedLock teamsTeams togetherTeam positionsShared explorationLock speedFull tech treeHidden civsTurbo modeCheats
Victory
Defeat
🇩🇪 Italians · Germany
1780
+15
🇧🇷 Mongols · Brazil
1765
-15
SS_Cap
8:26 Loom
10:12 Feudal Age
14:29 Castle Age
12:36 Double-Bit Axe
14:09 Gold Mining
15:16 Fletching
17:32 Town Watch
18:16 Bodkin Arrow
24:38 Horse Collar
25:25 Padded Archer Armor
29:29 Wheelbarrow
28:55 Heavy Plow
29:09 Bow Saw
29:36 Stone Mining
32:13 Ballistics
32:50 Elite Skirmisher
36:33 Imperial Age
34:15 Herbal Medicine
35:43 Leather Archer Armor
35:41 Masonry
36:13 Husbandry
36:24 Bloodlines
38:09 Bracer
39:11 Chemistry
38:47 Murder Holes
39:35 Conscription
40:29 Heavy Cavalry Archer
42:02 Thumb Ring
42:23 Parthian Tactics
52:56 Bloodlines
52:17 Light Cavalry
53:04 Scale Barding Armor
53:09 Forging
53:31 Nomads
57:09 Chain Barding Armor
57:24 Iron Casting
61:09 Blast Furnace
JamesNewstedd
11:44 Feudal Age
12:30 Double-Bit Axe
15:19 Castle Age
14:20 Horse Collar
16:12 Bow Saw
17:07 Heavy Plow
26:31 Gold Mining
27:22 Fletching
29:11 Wheelbarrow
28:22 Town Watch
32:42 Imperial Age
30:38 Bodkin Arrow
31:44 Scale Mail Armor
33:46 Chain Mail Armor
33:34 Squires
33:57 Hand Cart
34:43 Two-Man Saw
33:12 Elite Genoese Crossbowman
35:05 Plate Mail Armor
34:45 Forging
34:53 Arson
35:50 Conscription
37:48 Iron Casting
39:29 Bracer
41:32 Padded Archer Armor
41:53 Pikeman
49:55 Leather Archer Armor
51:13 Ring Archer Armor
51:54 Blast Furnace
51:57 Thumb Ring
52:14 Scale Barding Armor
53:45 Guilds
54:42 Chemistry
54:03 Ballistics
53:23 Treadmill Crane
54:59 Bloodlines
54:49 Husbandry
55:12 Chain Barding Armor
55:38 Light Cavalry
59:05 Plate Barding Armor
64:06 Hussar
Connection lost

Rejoining the realm…

Still unreachable

The connection could not be restored.

Session expired

The server has moved on; the page needs a fresh start.